[Event "4NCL Div 1 2024-25"]
[Site "England"]
[Date "2024.11.24"]
[Round "2.45"]
[White "Foisor, Mihaela-Veronica"]
[Black "Yoon, Jacob D"]
[Result "1/2-1/2"]
[Annotator "RC"]
[ECO "D11"]
[WhiteElo "2156"]
[BlackElo "2270"]
[PlyCount "168"]
[EventDate "2024.11.23"]
[EventType "team-tourn"]
[EventCountry "ENG"]
[SourceTitle "playchess.com"]
[Source "ChessBase"]
[SourceQuality "1"]
[TimeControl "40/6000+30:3000+30"]

1. c4 c6 2. d4 d5 3. e3 Nf6 4. Nc3 a6 5. a4 Bf5 6. Nf3 e6 7. Bd3 Bxd3 8. Qxd3 Bb4 9. O-O Nbd7 10. Bd2 O-O 11. Nxd5 exd5 12. Bxb4 Re8 13. Nd2 Re6 14. Rae1 dxc4 15. Nxc4 b5 16. axb5 axb5 17. Nd2 Nd5 18. Bc5 Nxc5 19. dxc5 Qf6 20. Qd4 Qe7 21. b4 Rd8 22. Qb2 Qh4 23. Nf3 Qxb4 24. Qxb4 Nxb4 25. Nd4 Rf6 26. Ra1 h6 27. Ra3 Kh7 28. Rb1 Nd5 29. g3 Nc7 30. Ra7 Nd5 31. Rb3 Rc8 32. Kg2 Nc7 33. Rba3 Kg8 34. Rb7 Ne6 35. Nxe6 Rxe6 36. Raa7 Rf8 37. Rc7 g5 38. Ra6 Kg7 39. Raxc6 Rxc6 40. Rxc6 b4 41. Rb6 Rc8 42. Rb5 b3 43. g4 b2 44. Rxb2 Rxc5 45. Kg3 Rc1 46. f4 Rg1+ 47. Kf3 Ra1 48. Rd2 Ra4 49. Rd5 Kg6 50. Rd4 Ra2 51. h3 Rh2 52. Rd6+ Kg7 53. Kg3 Re2 54. Rd3 Re1 55. Kf2 Rh1 56. Kg2 Re1 57. Rd5 Kg6 58. Re5 Re2+ 59. Kf3 Rh2 60. Kg3 Re2 61. h4 gxf4+ 62. exf4 Ra2 63. h5+ Kg7 64. g5 hxg5 65. fxg5 Ra1 66. Re4 Ra5 67. Kg4 Rb5 68. Ra4 Rb1 69. h6+ Kg8 70. Ra8+ Kh7 71. Kf5 Rf1+ 72. Ke5 Rf2 73. Rf8 Rf1 74. Rb8 Rf2 75. Rb6 Kg8 76. Rb4 Rf1 77. Rf4 Ra1 78. Kf5 Ra5+ 79. Kg4 Ra1 80. Re4 Rf1 81. Kh5 Rh1+ 82. Rh4 Rg1 83. Rf4 Rh1+ 84. Kg4 Ra1 1/2-1/2

[Event "4NCL Div 1 2024-25"]
[Site "England"]
[Date "2024.11.24"]
[Round "2.46"]
[White "Mirzoeva, Elmira"]
[Black "Birtwistle, Nigel"]
[Result "1-0"]
[Annotator "RC"]
[ECO "A57"]
[WhiteElo "2258"]
[BlackElo "2041"]
[PlyCount "63"]
[EventDate "2024.11.23"]
[EventType "team-tourn"]
[EventCountry "ENG"]
[SourceTitle "playchess.com"]
[Source "ChessBase"]
[SourceQuality "1"]
[TimeControl "40/6000+30:3000+30"]

1. d4 Nf6 2. c4 c5 3. d5 b5 4. cxb5 a6 5. e3 g6 6. Nf3 Bg7 7. Nc3 O-O 8. a4 axb5 9. Bxb5 Ba6 10. Ra3 d6 11. O-O Nbd7 12. e4 Bxb5 13. axb5 Rxa3 14. bxa3 Qa5 15. Qb3 Ra8 16. Bb2 Ng4 17. Nd2 Nb6 18. Qc2 c4 19. Nf3 Nd7 20. h3 Nge5 21. Nd4 Bf6 22. Nc6 Qb6 23. a4 Qc5 24. Ra1 Nd3 25. Ba3 Qxf2+ 26. Qxf2 Nxf2 27. Kxf2 Bxc3 28. Rc1 Bf6 29. a5 Ne5 30. b6 Nd3+ 31. Kf1 Nxc1 32. b7 1-0

[Event "4NCL Div 1 2024-25"]
[Site "England"]
[Date "2024.11.24"]
[Round "2.47"]
[White "Murphy, Hugh W"]
[Black "Badacsonyi, Stanley"]
[Result "1/2-1/2"]
[Annotator "RC"]
[ECO "C00"]
[WhiteElo "2005"]
[BlackElo "2298"]
[PlyCount "67"]
[EventDate "2024.11.23"]
[EventType "team-tourn"]
[EventCountry "ENG"]
[SourceTitle "playchess.com"]
[Source "ChessBase"]
[SourceQuality "1"]
[TimeControl "40/6000+30:3000+30"]

1. e4 e6 2. Qe2 c5 3. f4 Nc6 4. Nf3 Nge7 5. b3 d5 6. Bb2 dxe4 7. Qxe4 Qd5 8. Nc3 Qxe4+ 9. Nxe4 Nd5 10. Bb5 Ndb4 11. O-O a6 12. a3 Nd5 13. Bxc6+ bxc6 14. Ne5 f6 15. Nc4 Kd7 16. Na5 Kc7 17. c4 Nb6 18. Rad1 Be7 19. Rfe1 Rb8 20. d4 cxd4 21. Bxd4 Re8 22. Bc5 Bxc5+ 23. Nxc5 e5 24. fxe5 fxe5 25. Rf1 Re7 26. Rf8 Nd7 27. Nxd7 Bxd7 28. Rxb8 Kxb8 29. c5 Kc7 30. Rd6 e4 31. Kf2 Rf7+ 32. Ke3 Rf1 33. Kxe4 Rf2 34. g3 1/2-1/2

[Event "4NCL Div 1 2024-25"]
[Site "England"]
[Date "2024.11.24"]
[Round "2.48"]
[White "Villiers, Thomas"]
[Black "McCarthy, Kevin C"]
[Result "1-0"]
[Annotator "RC"]
[ECO "E17"]
[WhiteElo "2182"]
[BlackElo "1954"]
[PlyCount "51"]
[EventDate "2024.11.23"]
[EventType "team-tourn"]
[EventCountry "ENG"]
[SourceTitle "playchess.com"]
[Source "ChessBase"]
[SourceQuality "1"]
[TimeControl "40/6000+30:3000+30"]

1. d4 e6 2. Nf3 Nf6 3. c4 b6 4. g3 Bb7 5. Bg2 Be7 6. Nc3 O-O 7. d5 exd5 8. Nh4 c6 9. cxd5 cxd5 10. Nf5 Nc6 11. O-O d6 12. Bg5 Ne8 13. Nxe7+ Nxe7 14. Nxd5 Bxd5 15. Bxd5 Rc8 16. Bg2 h6 17. Bf4 Ng6 18. Bd2 Qd7 19. Bc3 Nc7 20. Qd4 Ne6 21. Qd2 Qe7 22. Rad1 Rcd8 23. f4 f5 24. e4 fxe4 25. f5 Ng5 26. fxg6 1-0